[Event "Titled Tuesday Blitz October 5 2021"]
[White "Abdusattorov, Nodirbek"]
[Black "Dushyant Sharma"]
[WhiteFideId "14204118"]
[BlackFideId "25065130"]
[WhiteElo "2690"]
[BlackElo "1990"]
[Result "1-0"]
[Round "01"]
[TimeControl "180+1"]
[Date "2021.10.05"]
[WhiteClock "0:00:43"]
[BlackClock "0:00:21"]

1. Nf3 d5 2. g3 e6 3. Bg2 Be7 4. c4 Nf6 5. O-O O-O 6. b3 c5 7. Bb2 Nc6 8. e3 b6 9. cxd5 exd5 10. d4 Bb7 11. Nc3 Rc8 12. Rc1 Nb4 13. a3 Nc6 14. dxc5 bxc5 15. Ne2 Qb6 16. Nf4 Na5 17. b4 cxb4 18. Rxc8 Rxc8 19. Bd4 Qd8 20. axb4 Bxb4 21. Bxf6 Qxf6 22. Nxd5 Bxd5 23. Qxd5 Rd8 24. Qb5 Qb6 25. Qa4 Bc5 26. Ng5 Bxe3 27. Nxf7 Kxf7 28. fxe3+ Kg8 29. Bd5+ Kh8 30. Qf4 Qc5 31. Be4 Nc4 32. Qh4 Qxe3+ 33. Kh1 1-0


[Site "https://www.chess.com"]

[Event "Titled Tuesday Blitz October 5 2021"]
[White "Akshat, Khamparia"]
[Black "Hamidi, Amir Mohammad"]
[WhiteFideId "5016541"]
[BlackFideId "12563285"]
[WhiteElo "2237"]
[BlackElo "2239"]
[Result "0-1"]
[Round "01"]
[TimeControl "180+1"]
[Date "2021.10.05"]
[WhiteClock "0:02:23"]
[BlackClock "0:02:30"]

1. d4 Nf6 2. c4 e6 3. Nc3 d5 4. cxd5 Nxd5 5. e4 Nxc3 6. bxc3 c5 7. Nf3 cxd4 8. cxd4 Bb4+ 9. Bd2 Bxd2+ 10. Qxd2 O-O 11. Bc4 Nd7 12. O-O b6 13. a4 Bb7 14. Rfe1 Nf6 15. Bd3 Rc8 16. a5 Qc7 17. a6 Ba8 18. e5 Nd5 19. Bxh7+ Kxh7 20. Ng5+ Kg6 21. h4 Qc2 0-1


[Site "https://www.chess.com"]

[Event "Titled Tuesday Blitz October 5 2021"]
[White "Arabidze, Meri"]
[Black "Mujumdar, Sameer"]
[WhiteFideId "13604040"]
[BlackFideId "2029707"]
[WhiteElo "2432"]
[BlackElo "2104"]
[Result "1-0"]
[Round "01"]
[TimeControl "180+1"]
[Date "2021.10.05"]
[WhiteClock "0:00:56"]
[BlackClock "0:01:29"]

1. Nf3 g6 2. c4 Bg7 3. g3 Nf6 4. Nc3 O-O 5. e4 d6 6. Bg2 c5 7. O-O Nc6 8. d3 Bd7 9. Rb1 Qc8 10. a3 Bh3 11. b4 Bxg2 12. Kxg2 b6 13. b5 Nd8 14. Nd5 Qd7 15. Bg5 Nxd5 16. exd5 e6 17. Bxd8 Raxd8 18. dxe6 Qxe6 19. Re1 Qf5 20. Nh4 Qf6 21. Qf3 d5 22. Rbd1 Qxf3+ 23. Nxf3 Bf6 24. a4 Rfe8 25. h4 Kf8 26. g4 Rxe1 27. Rxe1 dxc4 28. dxc4 Rd3 29. g5 Bg7 30. h5 gxh5 31. Re4 Ra3 32. Nh4 Rxa4 33. Nf5 a6 34. bxa6 Rxa6 35. Re7 Ra4 36. Rb7 Rxc4 37. Rb8# 1-0


[Site "https://www.chess.com"]

[Event "Titled Tuesday Blitz October 5 2021"]
[White "Babazada, Khazar"]
[Black "Suarez Uriel, Adrian"]
[WhiteFideId "13413554"]
[BlackFideId "22230874"]
[WhiteElo "2302"]
[BlackElo "2314"]
[Result "1-0"]
[Round "01"]
[TimeControl "180+1"]
[Date "2021.10.05"]
[WhiteClock "0:00:59"]
[BlackClock "0:00:20"]

1. Nf3 Nf6 2. g3 g6 3. Bg2 Bg7 4. O-O O-O 5. c4 c6 6. Nc3 d5 7. b3 Ne4 8. Bb2 Nxc3 9. Bxc3 Bxc3 10. dxc3 dxc4 11. Qc1 Qb6 12. Qh6 f6 13. bxc4 Be6 14. h4 Qa5 15. Qe3 Bxc4 16. Qxe7 Na6 17. Qxb7 Bxe2 18. Rfe1 Qb5 19. Qxb5 Bxb5 20. Nd4 Rac8 21. Nxb5 cxb5 22. Bb7 Nc5 23. Bxc8 Rxc8 24. Rad1 Kf7 25. Rd5 Rc7 26. Kg2 a6 27. Re3 Na4 28. Rd6 a5 29. Ra6 Nxc3 30. Rxa5 b4 31. Ra6 Rd7 32. Rf3 f5 33. g4 Rd5 34. Rb6 Nxa2 35. g5 Rd4 36. Re3 Rxh4 37. Rb7+ Kf8 38. Ree7 Rg4+ 39. Kf1 Re4 40. Rxh7 Kg8 41. Rbg7+ Kf8 42. Ra7 Kg8 43. Rhb7 Re8 44. Rxa2 1-0


[Site "https://www.chess.com"]

[Event "Titled Tuesday Blitz October 5 2021"]
[White "Balabayeva, Xeniya"]
[Black "Andreikin, Dmitry"]
[WhiteFideId "13719688"]
[BlackFideId "4158814"]
[WhiteElo "2484"]
[BlackElo "3039"]
[Result "0-1"]
[Round "01"]
[TimeControl "180+1"]
[Date "2021.10.05"]
[WhiteClock "0:00:02"]
[BlackClock "0:00:53"]

1. e4 e6 2. d4 d5 3. Nd2 h6 4. Ngf3 Nf6 5. e5 Nfd7 6. Be2 c5 7. c3 Nc6 8. O-O a5 9. Re1 g5 10. Nb1 g4 11. Nfd2 h5 12. Nf1 Qb6 13. Be3 Qxb2 14. Nbd2 Qxc3 15. Rc1 Qa3 16. Nb1 Qb4 17. a3 Qb2 18. Nc3 cxd4 19. Bxd4 Nxd4 20. Qxd4 Bc5 21. Qf4 Bf8 22. Nb5 Qxe5 23. Nc7+ Ke7 24. Qxe5 Nxe5 25. Nxa8 Bh6 26. Rc2 Bd7 27. Nb6 Bc6 28. Ng3 h4 29. Nf1 h3 30. Ne3 d4 31. Nxg4 d3 32. Bxd3 Nxd3 33. Rd1 Nf4 34. Nxh6 hxg2 35. f3 Rxh6 0-1


[Site "https://www.chess.com"]

[Event "Titled Tuesday Blitz October 5 2021"]
[White "Begmuratov, Khumoyun"]
[Black "Terletsky, Oleg"]
[WhiteFideId "14210207"]
[BlackFideId "14116774"]
[WhiteElo "1948"]
[BlackElo "2055"]
[Result "1-0"]
[Round "01"]
[TimeControl "180+1"]
[Date "2021.10.05"]
[WhiteClock "0:01:03"]
[BlackClock "0:00:02"]

1. e4 e5 2. Nf3 Nc6 3. d4 exd4 4. Nxd4 Nf6 5. Nc3 Bb4 6. Nxc6 bxc6 7. Bd3 O-O 8. O-O d5 9. exd5 cxd5 10. Qf3 c6 11. h3 Bd6 12. Bf4 Rb8 13. b3 Qc7 14. Ne2 Re8 15. Rfe1 Ne4 16. Bxd6 Qxd6 17. Ng3 f5 18. c4 g6 19. cxd5 cxd5 20. Rad1 Bb7 21. Ne2 Qb4 22. Qf4 Rbd8 23. Kh2 Qd6 24. Qxd6 Nxd6 25. Nd4 Ne4 26. Bb5 Rf8 27. Ne6 Nxf2 28. Rd4 Ne4 29. Nxd8 Rxd8 30. Rc1 a6 31. Rc7 axb5 32. Rxb7 Rc8 33. Rxb5 Rc2 34. Rbxd5 Kg7 35. b4 Kh6 36. b5 Kg5 37. Rxe4 1-0


[Site "https://www.chess.com"]

[Event "Titled Tuesday Blitz October 5 2021"]
[White "Belenkaya, Dina"]
[Black "Maksimovic, Bojan"]
[WhiteFideId "24142654"]
[BlackFideId "14408120"]
[WhiteElo "2247"]
[BlackElo "2439"]
[Result "0-1"]
[Round "01"]
[TimeControl "180+1"]
[Date "2021.10.05"]
[WhiteClock "0:00:11"]
[BlackClock "0:00:22"]

1. Nf3 d5 2. g3 c5 3. Bg2 Nc6 4. O-O g6 5. d3 Bg7 6. Nbd2 Nf6 7. c3 O-O 8. e4 e5 9. Qc2 h6 10. Rd1 Re8 11. Nf1 Be6 12. b3 Qd7 13. Ba3 b6 14. Ne3 Rad8 15. Rd2 d4 16. cxd4 exd4 17. Nc4 Bh3 18. Nh4 Bxg2 19. Kxg2 Nh7 20. Re2 Ng5 21. f4 Qh3+ 22. Kh1 Nxe4 23. Rxe4 Rxe4 24. dxe4 d3 25. Qd1 Bxa1 26. Qxa1 Qg4 27. Nd2 Qe2 28. Nhf3 Nd4 29. Nxd4 Qxd2 30. Nc6 Re8 31. Qf6 Qe1+ 32. Kg2 Qxe4+ 33. Kg1 d2 0-1


[Site "https://www.chess.com"]

[Event "Titled Tuesday Blitz October 5 2021"]
[White "Berezin, Viktor"]
[Black "Gokerkan, Cem Kaan"]
[WhiteFideId "14107872"]
[BlackFideId "6336760"]
[WhiteElo "2310"]
[BlackElo "2382"]
[Result "0-1"]
[Round "01"]
[TimeControl "180+1"]
[Date "2021.10.05"]
[WhiteClock "0:00:14"]
[BlackClock "0:00:04"]

1. d4 Nf6 2. Nf3 d5 3. c4 c6 4. e3 e6 5. Nbd2 Nbd7 6. Bd3 Bd6 7. O-O O-O 8. e4 dxe4 9. Nxe4 Nxe4 10. Bxe4 Nf6 11. Bc2 c5 12. d5 exd5 13. cxd5 Bg4 14. Bg5 Bh5 15. h3 Re8 16. Qd3 Bg6 17. Qd2 Bxc2 18. Qxc2 h6 19. Bxf6 Qxf6 20. Rfe1 Rad8 21. Rad1 Qf4 22. Qd3 Qb4 23. b3 b5 24. Nd2 Rxe1+ 25. Rxe1 c4 26. Qc2 Bf4 27. Re2 c3 28. Nf3 Qc5 29. Qf5 Bd6 30. Ne1 b4 31. Nd3 Qd4 32. g3 Bf8 33. Nf4 Qd1+ 34. Kg2 a5 35. h4 Qd4 36. Re4 Qc5 37. Rc4 Qd6 38. Rc6 Qd7 39. Qxd7 Rxd7 40. Ra6 Bd6 41. Nd3 Bc7 42. Rc6 Rxd5 43. Nc5 Be5 44. Ne4 Bd4 45. Kf3 f5 46. Nd6 Bf6 47. Nb7 Rd2 48. Nxa5 Rxa2 49. Nb7 Rb2 50. Na5 c2 51. h5 Bc3 52. Kf4 c1=Q+ 53. Kxf5 Rxf2+ 54. Ke6 Qe3+ 55. Kd7 Rf7+ 56. Kc8 Qe8# 0-1


[Site "https://www.chess.com"]

[Event "Titled Tuesday Blitz October 5 2021"]
[White "Bilych, Olexiy"]
[Black "Popadic, Dragan"]
[WhiteFideId "14156504"]
[BlackFideId "913650"]
[WhiteElo "2248"]
[BlackElo "2207"]
[Result "1-0"]
[Round "01"]
[TimeControl "180+1"]
[Date "2021.10.05"]
[WhiteClock "0:00:14"]
[BlackClock "0:00:12"]

1. d4 Nf6 2. c4 g6 3. Nc3 Bg7 4. e4 d6 5. Be2 O-O 6. Be3 e5 7. d5 a5 8. g4 Na6 9. h4 Nd7 10. h5 Ndc5 11. Qd2 Re8 12. hxg6 hxg6 13. Nf3 Bxg4 14. O-O-O Nb4 15. Rdg1 Bxf3 16. Bxf3 Ncd3+ 17. Kb1 Nf4 18. Ne2 Nbd3 19. Nxf4 exf4 20. Bxf4 Nxf4 21. Qxf4 c6 22. Bg4 cxd5 23. cxd5 Qb6 24. Qd2 Rxe4 25. Bf5 Rb4 26. b3 Rd4 27. Qc1 Rxd5 28. Rxg6 fxg6 29. Be6+ Kf8 30. Qf4+ Rf5 31. Bxf5 Qd4 32. Be4+ Ke7 33. Qg5+ Kd7 34. Qg4+ Kc7 35. Rc1+ Kb6 36. Kc2 Re8 37. f3 d5 38. Qxg6+ Bf6 39. Qxe8 dxe4 40. Qxe4 Qb2+ 41. Kd1 Qxa2 42. Qe6+ Ka7 43. Qxf6 Qxb3+ 44. Rc2 Qd3+ 45. Rd2 Qf1+ 46. Kc2 a4 47. Qc3 Qb5 48. Qd4+ Ka6 49. Qd3 1-0


[Site "https://www.chess.com"]

[Event "Titled Tuesday Blitz October 5 2021"]
[White "Bordi, Kevin"]
[Black "Pasti, Aron"]
[WhiteFideId "621862"]
[BlackFideId "785857"]
[WhiteElo "2815"]
[BlackElo "2080"]
[Result "1-0"]
[Round "01"]
[TimeControl "180+1"]
[Date "2021.10.05"]
[WhiteClock "0:00:29"]
[BlackClock "0:00:05"]

1. e4 c5 2. Nf3 e6 3. b4 cxb4 4. d4 d5 5. e5 Ne7 6. Bd3 Ng6 7. h4 Be7 8. h5 Nf8 9. a3 Nc6 10. Qd2 h6 11. Qf4 Nh7 12. Qg4 Ng5 13. Nxg5 hxg5 14. Nd2 Bd7 15. Nf3 Qb6 16. O-O O-O-O 17. axb4 f5 18. exf6 gxf6 19. c3 f5 20. Qg3 Rxh5 21. Nxg5 Bxg5 22. Bxg5 Rdh8 23. f4 Nxd4 24. Qe3 Nf3+ 25. Kf2 Qxe3+ 26. Kxe3 Nxg5 27. fxg5 Kb8 28. g4 Rh3+ 29. Kd4 R8h4 30. Rg1 Rxg4+ 31. Rxg4 fxg4 32. Re1 Rh5 33. g6 g3 34. Rg1 Rg5 35. Ke3 e5 36. Bc2 e4 37. c4 Rxg6 38. cxd5 Bf5 39. Kf4 Rf6 40. Ke5 Rf8 41. Rxg3 e3 42. Bxf5 1-0


[Site "https://www.chess.com"]

[Event "Titled Tuesday Blitz October 5 2021"]
[White "Boyer, Mahel"]
[Black "Okike, David"]
[WhiteFideId "45102422"]
[BlackFideId "8500134"]
[WhiteElo "2328"]
[BlackElo "2232"]
[Result "1-0"]
[Round "01"]
[TimeControl "180+1"]
[Date "2021.10.05"]
[WhiteClock "0:00:52"]
[BlackClock "0:01:39"]

1. e4 c5 2. d3 g6 3. g3 Bg7 4. Bg2 d6 5. f4 Nc6 6. Nf3 e6 7. O-O Nge7 8. c3 O-O 9. Be3 Rb8 10. d4 b6 11. Re1 Na5 12. Bf2 Qc7 13. Na3 Ba6 14. Rc1 Nc4 15. Nxc4 Bxc4 16. b3 Ba6 17. c4 Rfd8 18. d5 exd5 19. cxd5 Re8 20. e5 Bb7 21. Ng5 Rbd8 22. e6 f5 23. Nf7 Rc8 24. Qd3 a6 25. a4 Rb8 26. Rcd1 Bc8 27. g4 fxg4 28. h3 g3 29. Qxg3 Nf5 30. Qg5 Bf8 31. Be4 Be7 32. Qg4 Ng7 33. Bxg6 hxg6 34. Qxg6 Rf8 35. Rd3 Bd8 36. Rg3 Rxf7 37. exf7+ Qxf7 38. Re8+ Qxe8 39. Qxg7# 1-0


[Site "https://www.chess.com"]

[Event "Titled Tuesday Blitz October 5 2021"]
[White "Bures, Vit"]
[Black "Cunha, Lucas Aguiar"]
[WhiteFideId "309052"]
[BlackFideId "2125404"]
[WhiteElo "2132"]
[BlackElo "2361"]
[Result "1-0"]
[Round "01"]
[TimeControl "180+1"]
[Date "2021.10.05"]
[WhiteClock "0:00:39"]
[BlackClock "0:01:05"]

1. d4 Nf6 2. c4 e6 3. Nc3 Bb4 4. e3 c5 5. Ne2 b6 6. a3 Ba5 7. g3 Bb7 8. d5 exd5 9. Bg2 Nc6 10. cxd5 Ne5 11. O-O Ba6 12. Bd2 O-O 13. b4 Bxb4 14. axb4 Bxe2 15. Nxe2 c4 16. Bc3 Re8 17. Bxe5 Rxe5 18. Qd4 d6 19. Qxc4 Rc8 20. Qd4 Rc2 21. Nf4 Re7 22. Rfc1 Qc8 23. Rxc2 Qxc2 24. h3 h5 25. Qd1 Qb2 26. Rb1 Qa2 27. Qb3 Qd2 28. Rd1 1-0


[Site "https://www.chess.com"]

[Event "Titled Tuesday Blitz October 5 2021"]
[White "Cardoso Cardoso, Jose Gabriel"]
[Black "Havanecz, Bianka"]
[WhiteFideId "4430492"]
[BlackFideId "704814"]
[WhiteElo "2343"]
[BlackElo "2431"]
[Result "1-0"]
[Round "01"]
[TimeControl "180+1"]
[Date "2021.10.05"]
[WhiteClock "0:01:37"]
[BlackClock "0:00:15"]

1. d4 d5 2. Nc3 Nf6 3. Bf4 Bf5 4. f3 e6 5. g4 Bg6 6. h4 h5 7. g5 Nfd7 8. e3 a6 9. Bd3 Bxd3 10. Qxd3 g6 11. e4 c6 12. Nge2 Nb6 13. O-O-O Bg7 14. Be5 O-O 15. f4 Nc4 16. Bxg7 Kxg7 17. f5 Qb6 18. b3 Nd6 19. f6+ Kh7 20. Nf4 dxe4 21. Nxe4 Nf5 22. Ng3 Qb5 23. Nxf5 Qxf5 24. Qxf5 exf5 25. Rhe1 Nd7 26. Re7 Nb6 27. Ne6 Rfe8 28. Rxf7+ Kg8 29. Rg7+ Kh8 30. Nf4 1-0


[Site "https://www.chess.com"]

[Event "Titled Tuesday Blitz October 5 2021"]
[White "Czerw, Dawid"]
[Black "Tabatabaei, M. Amin"]
[WhiteFideId "1145746"]
[BlackFideId "12521213"]
[WhiteElo "2075"]
[BlackElo "2555"]
[Result "0-1"]
[Round "01"]
[TimeControl "180+1"]
[Date "2021.10.05"]
[WhiteClock "0:00:07"]
[BlackClock "0:01:13"]

1. d4 c6 2. c4 d5 3. Nf3 e6 4. Qb3 f5 5. g3 Nf6 6. Bg2 Bd6 7. O-O O-O 8. Nc3 Ne4 9. Rb1 Nd7 10. Qc2 b6 11. b4 Bb7 12. Bf4 Bxf4 13. gxf4 Rc8 14. e3 h6 15. Ne5 g5 16. fxg5 Nxe5 17. dxe5 hxg5 18. f3 Nxc3 19. Qxc3 f4 20. Bh3 Qe7 21. exf4 Rxf4 22. Kh1 c5 23. cxd5 Bxd5 24. bxc5 Qxc5 25. Qd3 Qc2 26. Qxc2 Rxc2 27. Bg2 g4 28. Rg1 Rxf3 29. Rbd1 Rff2 30. Rxd5 exd5 31. Bxd5+ Kf8 32. Rxg4 Rf1+ 33. Rg1 Rxg1+ 34. Kxg1 Rc5 0-1


[Site "https://www.chess.com"]

[Event "Titled Tuesday Blitz October 5 2021"]
[White "Dardha, Daniel"]
[Black "Ogloblin, Nikolay"]
[WhiteFideId "240990"]
[BlackFideId "4139658"]
[WhiteElo "2489"]
[BlackElo "2261"]
[Result "1-0"]
[Round "01"]
[TimeControl "180+1"]
[Date "2021.10.05"]
[WhiteClock "0:01:49"]
[BlackClock "0:01:57"]

1. d4 Nf6 2. Bg5 d5 3. Bxf6 exf6 4. e3 c6 5. g3 Bd6 6. Bg2 O-O 7. Nd2 Re8 8. Ne2 Nd7 9. O-O f5 10. c4 dxc4 11. Nxc4 Bf8 12. Rb1 Nf6 13. b4 a6 14. a4 Be6 15. Na5 Qd7 16. Qd2 Nd5 17. Rfc1 Rac8 18. Nc4 b5 19. Bxd5 Bxd5 20. Nb6 Qe6 21. Nf4 Qe4 22. Nfxd5 Rcd8 23. Nf4 Rd6 24. Qc2 Qf3 25. axb5 axb5 26. Qxf5 Rh6 27. Nd7 Ra8 28. Ne5 g6 29. Qxf7+ 1-0


[Site "https://www.chess.com"]

[Event "Titled Tuesday Blitz October 5 2021"]
[White "Demidov, Mikhail"]
[Black "Yordanov, Nikolay Plamenov"]
[WhiteFideId "4197143"]
[BlackFideId "2907445"]
[WhiteElo "2527"]
[BlackElo "2248"]
[Result "1-0"]
[Round "01"]
[TimeControl "180+1"]
[Date "2021.10.05"]
[WhiteClock "0:01:59"]
[BlackClock "0:00:35"]

1. Nf3 Nf6 2. g3 g6 3. b3 Bg7 4. Bb2 O-O 5. Bg2 d5 6. c4 c5 7. cxd5 Nxd5 8. Bxg7 Kxg7 9. O-O Nc6 10. d4 cxd4 11. Nxd4 Nxd4 12. Qxd4+ Nf6 13. Qe5 Re8 14. Nc3 Qb6 15. Nd5 Qa5 16. b4 Qd8 17. Nc7 Be6 18. Rfd1 Qc8 19. Rac1 Rd8 20. Rxd8 Qxd8 21. Nxa8 Qxa8 22. Qc7 Bd5 23. Qc8 Qxc8 24. Rxc8 Bxa2 25. Rc7 b5 26. Rxa7 Bc4 27. Rxe7 Ng8 28. Rb7 Kf6 29. Bc6 Bxe2 30. Bxb5 Bf3 31. Rc7 Ne7 32. Bc4 Bd5 33. Rxe7 Bxc4 34. Rc7 Bd5 35. b5 Ke6 36. b6 Kd6 37. f4 h5 38. Kf2 1-0


[Site "https://www.chess.com"]

[Event "Titled Tuesday Blitz October 5 2021"]
[White "Dolzhykova, Kateryna"]
[Black "Kovalev, Vladislav"]
[WhiteFideId "14113414"]
[BlackFideId "13504398"]
[WhiteElo "2213"]
[BlackElo "2573"]
[Result "0-1"]
[Round "01"]
[TimeControl "180+1"]
[Date "2021.10.05"]
[WhiteClock "0:00:04"]
[BlackClock "0:00:37"]

1. e4 e5 2. Nf3 Nc6 3. Bc4 Nf6 4. d4 exd4 5. c3 Nxe4 6. O-O d5 7. Bb5 Bc5 8. cxd4 Bd6 9. Nc3 Nxc3 10. bxc3 O-O 11. Bxc6 bxc6 12. h3 Bf5 13. Bg5 f6 14. Be3 Re8 15. Qa4 Qd7 16. Rfc1 Bxh3 17. gxh3 Qxh3 18. Qxc6 Qxf3 19. c4 Qg4+ 20. Kf1 dxc4 21. Qxc4+ Kh8 22. d5 Re4 0-1


[Site "https://www.chess.com"]

[Event "Titled Tuesday Blitz October 5 2021"]
[White "Wagner, Dinara"]
[Black "Sjugirov, Sanan"]
[WhiteFideId "24157570"]
[BlackFideId "4189302"]
[WhiteElo "2216"]
[BlackElo "2654"]
[Result "0-1"]
[Round "01"]
[TimeControl "180+1"]
[Date "2021.10.05"]
[WhiteClock "0:00:11"]
[BlackClock "0:00:10"]

1. d4 Nf6 2. c4 e6 3. Nf3 b6 4. a3 Bb7 5. Nc3 Ne4 6. Nxe4 Bxe4 7. e3 d6 8. Bd3 Bb7 9. e4 Nd7 10. O-O g6 11. Bg5 Be7 12. Bh6 Nf6 13. Re1 Ng4 14. Bf4 O-O 15. h3 Nf6 16. Bh6 Re8 17. Qd2 c5 18. d5 e5 19. b4 Nd7 20. b5 a6 21. a4 Qc7 22. Reb1 Ra7 23. a5 axb5 24. axb6 Qxb6 25. Rxa7 Qxa7 26. Rxb5 Ra8 27. Qb2 Bc8 28. Kh2 Qa3 29. Qb3 Qa1 30. Qb1 Qxb1 31. Rxb1 Bd8 32. Bd2 Nb6 33. Be1 Bc7 34. Nd2 Ra3 35. Be2 Ba6 36. Rc1 Ra2 37. Kg1 Bd8 38. Nb3 Rxe2 39. Kf1 Rxe4 40. Nd2 Rd4 41. Ra1 Nxc4 42. Rxa6 Nxd2+ 43. Ke2 Bg5 44. Ra8+ Kg7 45. h4 Bh6 46. g3 Nc4 47. Ra4 Nb6 48. Ra6 Nxd5 49. Rxd6 Nf4+ 50. Kf3 Rxd6 51. gxf4 Bxf4 52. Bc3 Rd3+ 0-1


[Site "https://www.chess.com"]

[Event "Titled Tuesday Blitz October 5 2021"]
[White "Droin, Augustin"]
[Black "Vokhidov, Shamsiddin"]
[WhiteFideId "45105987"]
[BlackFideId "14204223"]
[WhiteElo "2449"]
[BlackElo "2616"]
[Result "0-1"]
[Round "01"]
[TimeControl "180+1"]
[Date "2021.10.05"]
[WhiteClock "0:00:01"]
[BlackClock "0:00:14"]

1. e4 c5 2. Nf3 Nc6 3. Bb5 e6 4. O-O Nge7 5. Nc3 Nd4 6. Nxd4 cxd4 7. Ne2 a6 8. Ba4 Nc6 9. d3 Bc5 10. a3 b5 11. Bb3 O-O 12. f4 d5 13. exd5 exd5 14. Ng3 f5 15. Qf3 Ne7 16. Bd2 Rf6 17. Rae1 Re6 18. Nxf5 Rxe1 19. Rxe1 Bxf5 20. Rxe7 Bxe7 21. Qxd5+ Kh8 22. Qxf5 Qf8 23. Qe4 Re8 24. g3 Bxa3 25. Qc6 Bd6 26. Qxa6 Bb4 27. c3 Re2 28. Qxb5 Rxd2 29. cxb4 Rxb2 30. Qc4 Qa8 31. Bc2 Qe8 32. Kf1 h6 33. b5 Qh5 34. Qc8+ Kh7 35. Qc4 Qf3+ 36. Ke1 Qe3+ 37. Kd1 Qg1+ 38. Kd2 Qb1 39. b6 Qa1 40. b7 Qa5+ 0-1


[Site "https://www.chess.com"]

[Event "Titled Tuesday Blitz October 5 2021"]
[White "Dudzinski, Pawel"]
[Black "Acosta, Pablo Ismael"]
[WhiteFideId "1117890"]
[BlackFideId "124311"]
[WhiteElo "2193"]
[BlackElo "2318"]
[Result "1/2-1/2"]
[Round "01"]
[TimeControl "180+1"]
[Date "2021.10.05"]
[WhiteClock "0:00:04"]
[BlackClock "0:00:13"]

1. e4 e6 2. d4 d5 3. Nd2 c5 4. Ngf3 Nf6 5. exd5 Nxd5 6. dxc5 Bxc5 7. Nb3 Bb6 8. c4 Nb4 9. Qxd8+ Bxd8 10. Kd1 O-O 11. a3 N4c6 12. Kc2 e5 13. Bd3 f5 14. c5 Be6 15. Nfd2 e4 16. Bc4 Bxc4 17. Nxc4 Nd7 18. Bf4 Be7 19. Bd6 b6 20. cxb6 Nxb6 21. Bxe7 Nxe7 22. Nxb6 axb6 23. Rac1 Rfd8 24. Rhd1 Kf7 25. Nd4 Rac8+ 26. Kb1 Rxc1+ 27. Kxc1 Kf6 28. Nb5 Rc8+ 29. Kb1 Rc5 30. Rd6+ Ke5 31. Rxb6 Nd5 32. Rb7 f4 33. b4 Rc6 34. Rb8 Re6 35. Rd8 e3 36. fxe3 Nxe3 37. Nd4 Rg6 38. Nf3+ Ke4 39. Re8+ Kd5 40. Re5+ Kd6 41. Rg5 Rxg5 42. Nxg5 Nxg2 43. Nxh7 f3 44. Ng5 Ne1 45. Kc1 Ke5 46. Kd2 f2 47. Ke2 Nc2 48. Kxf2 Nxa3 49. Nf3+ Kf4 50. Nd4 Ke4 51. Ne6 g6 52. Nc7 Ke5 53. b5 Kd6 54. b6 Kc6 55. Nd5 Nc4 56. Ne7+ Kxb6 57. Nxg6 Kc7 58. Kf3 Kd6 59. Kg4 Ke6 60. Kg5 Kf7 61. Kh6 Kg8 62. h4 Nd6 63. Ne7+ Kh8 64. Kg6 Nc4 65. Nc6 Ne3 66. h5 Ng4 67. h6 Nxh6 1/2-1/2


[Site "https://www.chess.com"]

[Event "Titled Tuesday Blitz October 5 2021"]
[White "Dvirnyy, Danyyil"]
[Black "Majdan, Joanna"]
[WhiteFideId "817570"]
[BlackFideId "1121979"]
[WhiteElo "2531"]
[BlackElo "2270"]
[Result "0-1"]
[Round "01"]
[TimeControl "180+1"]
[Date "2021.10.05"]
[WhiteClock "0:00:41"]
[BlackClock "0:00:42"]

1. d4 Nf6 2. c4 e6 3. Nf3 b6 4. g3 Ba6 5. b3 Bb4+ 6. Bd2 Be7 7. Bg2 c6 8. Nc3 d5 9. Ne5 Nfd7 10. Nxd7 Nxd7 11. O-O O-O 12. Re1 f5 13. e3 Nf6 14. a4 Rc8 15. a5 dxc4 16. axb6 Qxb6 17. Bf1 c5 18. Na4 Qc6 19. Nxc5 Bxc5 20. Rxa6 Qxa6 21. Bxc4 Qc6 22. dxc5 Ne4 23. Qe2 Rcd8 24. Bb4 Kh8 25. Rd1 Rxd1+ 26. Qxd1 a5 27. Ba3 Ng5 28. Qd6 Nh3+ 29. Kf1 Qh1+ 30. Ke2 Re8 31. c6 Ng1+ 32. Kd3 Nf3 33. c7 Qd1+ 34. Kc3 Qe1+ 35. Kd3 Qd2# 0-1


[Site "https://www.chess.com"]

[Event "Titled Tuesday Blitz October 5 2021"]
[White "Dzhaparov, Medet"]
[Black "Goltsev, Dmitry"]
[WhiteFideId "13803689"]
[BlackFideId "24176710"]
[WhiteElo "1702"]
[BlackElo "2334"]
[Result "1-0"]
[Round "01"]
[TimeControl "180+1"]
[Date "2021.10.05"]
[WhiteClock "0:00:13"]
[BlackClock "0:01:50"]

1. d4 Nf6 2. c4 e6 3. Nc3 Bb4 4. Qc2 b6 5. a3 Bxc3+ 6. Qxc3 Bb7 7. Bg5 h6 8. Bh4 g5 9. Bg3 Ne4 10. Qc2 d6 11. e3 Nd7 12. f3 Nxg3 13. hxg3 a5 14. Ne2 Qf6 15. O-O-O O-O-O 16. g4 d5 17. Nc3 Kb8 18. cxd5 exd5 19. Bb5 c6 20. Bd3 Rhe8 21. Rhe1 Nf8 22. Na4 b5 23. Nc5 Nd7 24. Kb1 Nxc5 25. Qxc5 Qe7 26. Qc2 Qd6 27. a4 b4 28. Rc1 Re7 29. Qc5 Qxc5 30. Rxc5 Rde8 31. e4 dxe4 32. Rxe4 Rxe4 33. Bxe4 Rd8 34. Bxc6 Bxc6 35. Rxc6 Rxd4 36. Kc2 Kb7 37. Rxh6 Rc4+ 38. Kd2 Rd4+ 39. Kc2 Rc4+ 40. Kd3 Rc1 41. Rf6 Rc7 42. Rf5 Rd7+ 43. Kc4 Ka6 44. Rxg5 Rd2 45. b3 Rc2+ 46. Kd4 Rc3 47. Rf5 Rxb3 48. Rf6+ Kb7 49. Rxf7+ Kb6 50. Rf6+ Kb7 51. g5 Rb2 52. g4 Rc2 53. g6 b3 54. g7 b2 55. g8=Q b1=Q 56. Qd5+ Kb8 57. Rf8+ Rc8 58. Qd6+ Kb7 59. Qd7+ Rc7 60. Qd5+ Rc6 61. Qd7+ Rc7 62. Qb5+ Qxb5 63. axb5 Kb6 64. Rb8+ Ka7 65. b6+ Kxb8 66. bxc7+ Kxc7 67. Kc5 a4 68. Kb4 Kd6 69. Kxa4 Ke5 70. Kb4 Kf4 71. Kc4 Kg5 72. Kd4 Kf4 73. Kd3 Kg5 74. Ke4 Kf6 75. Kf4 Kg6 76. Kg3 Kf6 77. f4 Kg6 78. Kh4 Kf6 79. f5 Kg7 80. Kg5 Kf7 81. f6 Kf8 82. Kg6 Kg8 83. g5 Kh8 84. Kf5 Kg8 85. g6 Kh8 86. Ke6 Kg8 87. Ke7 Kh8 88. f7 Kg7 89. f8=Q+ Kxg6 90. Qf7+ Kh6 91. Qg8 Kh5 92. Kf6 Kh4 93. Kf5 Kh3 94. Kf4 Kh4 95. Qg4# 1-0


[Site "https://www.chess.com"]

[Event "Titled Tuesday Blitz October 5 2021"]
[White "Eynullayev, Atilla"]
[Black "Demchenko, Anton"]
[WhiteFideId "13413570"]
[BlackFideId "4160258"]
[WhiteElo "1997"]
[BlackElo "2583"]
[Result "0-1"]
[Round "01"]
[TimeControl "180+1"]
[Date "2021.10.05"]
[WhiteClock "0:00:05"]
[BlackClock "0:01:13"]

1. Nf3 Nf6 2. g3 b5 3. Bg2 Bb7 4. O-O e6 5. a4 b4 6. d4 c5 7. c3 cxd4 8. cxd4 Be7 9. Bf4 O-O 10. Nbd2 Nd5 11. Ne5 Na6 12. Nb3 Rb8 13. Bd2 d6 14. Nd3 f5 15. e4 fxe4 16. Bxe4 Nac7 17. Rc1 Ba8 18. Bg2 Qd7 19. Qe2 Qxa4 20. Bxd5 Nxd5 21. Qxe6+ Kh8 22. Na1 Rbe8 23. Rfe1 Qb5 24. Nf4 Nxf4 25. Bxf4 Bg5 26. Qxd6 Bxf4 27. gxf4 Qf5 28. d5 Bxd5 29. h3 Rd8 30. Qa6 Qxh3 0-1


[Site "https://www.chess.com"]